 Dungeon Crawl Stone Soup version 0.20.1-1-g8b1a95d (webtiles) character file.

44 Supahsalami the Sneak (level 3, 0/27 HPs)
             Began as a Vampire Assassin on Nov 3, 2017.
             Succumbed to an adder's poison
             ... on level 3 of the Dungeon.
             The game lasted 00:09:23 (1452 turns).

Supahsalami the Sneak (Vampire Assassin)            Turns: 1452, Time: 00:09:24

Health: 0/27       AC:  5    Str:  7    XL:     3   Next: 39%
Magic:  3/3        EV: 17    Int: 13    God:
Gold:   115        SH:  0    Dex: 21    Spells: 2/2 levels left

rFire    . . .     SeeInvis +   n - -1 mace (curse)
rCold    . . .     Gourm    .   (no shield)
rNeg     + . .     Faith    .   c - +0 robe
rPois    .         Spirit   .   (no helmet)
rElec    .         Reflect  .   d - +1 cloak
rCorr    .         Harm     .   (no gloves)
MR       .....                  m - +0 pair of boots
Stlth    +++++.....             (no amulet)
Regen    0.1/turn               u - -3 ring of strength
MPRegen  0.1/turn               (no ring)

@: agile, lethally poisoned (0 -> -3)
A: fangs 3, see invisible, unbreathing
a: Bat Form


You were on level 3 of the Dungeon.
You were not thirsty.

You visited 1 branch of the dungeon, and saw 4 of its levels.

You collected 115 gold pieces.

Inventory:

Hand Weapons
 a - a +3 dagger
 b - a +0 blowgun
 n - a cursed -1 mace (weapon)
Missiles
 e - 20 poisoned needles
 f - 2 curare-tipped needles
Armour
 c - a +0 robe (worn)
 d - a +1 cloak (worn)
 k - a +0 ring mail
 l - a +0 leather armour
 m - a +0 pair of boots (worn)
Jewellery
 u - a -3 ring of strength (left hand)
Wands
 i - a wand of confusion (28/48)
Scrolls
 h - a scroll of magic mapping
 o - a scroll of enchant armour
 p - a scroll of enchant weapon
Potions
 g - 12 potions of blood
 j - 2 potions of brilliance
 q - 2 potions of mutation
 v - a potion of heal wounds {unknown}
 w - a potion of lignification {unknown}


   Skills:
 + Level 2.2 Fighting
 + Level 2.4 Short Blades
 + Level 1.7 Throwing
 + Level 1.3 Dodging
 + Level 7.0 Stealth


You had 2 spell levels left.
You didn't know any spells.

Dungeon Overview and Level Annotations

Branches:
Dungeon (4/15)
 Temple: D:4-7

Altars:
Xom


Innate Abilities, Weirdness & Mutations

You have razor-sharp teeth.
You have supernaturally acute eyesight. (SInv)
You can survive without breathing.


Message History

The adder poisons you!
Unknown command.
* * * LOW HITPOINT WARNING * * *
You feel sick.
Aiming: Confuse (will waste charges)
Press: ? - help, Shift-Dir - straight line, f/p - adder
Aim: an adder (moderately wounded, chance to defeat MR: 54%)
The adder appears confused.
Evoking this partially-identified wand wasted a few charges.
The adder bites you but does no damage. The adder closely misses you.
The phantom blinks!
You hit the phantom but do no damage.
* * * LOW HITPOINT WARNING * * *
You feel sick. The phantom barely misses you.
You feel agile all of a sudden. The phantom hits you.
* * * LOW HITPOINT WARNING * * *
The phantom blinks!
The adder barely misses you.
You die...

*******#.W.%............,,,,,,,,,
*,,,,,*#########........,,,,,,,,,
,,,,,,,,,.......W.......,,****,,*
*,,,,,***#######.#######*** *,,*
*,,,,,* #.# **,,* *,,,,,* #.#
*,,,, ******* #S# ********,,, #.#
*,,,,* *,,, #@# *,,,,* *,,, #.#
*,,,,* *,,, *********### #.#
*,,,,* *,,, ,,,,,,,,,..#
#.#*****,,,,****,, *********#.#
#..,,,,,,,,,,,,,,, #.#
###*************,, #.#
*,,,,,,,,,, #.# *,*******,, #<#
*,* *,,


You could see a phantom and an adder (confused).

Vanquished Creatures
  2 oozes
  A worm (D:2)
  A dart slug (D:1)
  2 giant cockroaches (D:1)
  3 goblins (D:1)
  3 hobgoblins
  4 kobolds
  A quokka (D:3)
  6 bats
  2 frilled lizards
  6 rats
31 creatures vanquished.

Notes
Turn   | Place    | Note
-------+----------+-------------------------------------------
     0 | D:1      | Supahsalami the Vampire Assassin began the quest for the Orb.
     0 | D:1      | Reached XP level 1. HP: 16/16 MP: 1/1
    26 | D:1      | Reached skill level 6 in Stealth
   239 | D:1      | Reached XP level 2. HP: 21/22 MP: 2/2
   468 | D:1      | Reached XP level 3. HP: 26/27 MP: 3/3
   528 | D:1      | Found a shimmering altar of Xom.
   601 | D:1      | Reached skill level 7 in Stealth
  1424 | D:4      | Noticed a phantom
  1450 | D:3      | HP: 1/27 [phantom (2)]
  1452 | D:3      | Succumbed to an adder's poison

Skill      XL: |  1  2  3 |
---------------+----------+-----
Stealth        | 6 7 |  7.0
Fighting       | 2 |  2.2
Short Blades   | |  2.4
Throwing       | |  1.7
Dodging        | |  1.3

Action                   || total
-------------------------++-------
Melee: Dagger            ||    81
       Bite              ||     4
       Mace              ||    11
Evoke: Wand              ||     2
  Use: Scroll            ||    10
       Potion            ||     3
 Stab: Sleeping          ||    12
       Distracted        ||     1
Armor: Robe              ||    29
Dodge: Dodged            ||    82
